Map: Jagannatha LE

Players

Geralt (Gerald) - Winner!

  • Race: Protoss Protoss
  • League: Grandmaster
  • Spawn Location: 1:00

Ziggy

  • Race: Terran Terran
  • Spawn Location: 7:00

Event: DreamHack SC2 Masters 2020 Winter

VOD

Have the link to the VOD?

Description

Time

  • Played on: Oct. 22, 2020, 3:21 p.m.
  • Length: 10:28

All games in this series

Show
View Real Time Build Order
Export as new Build Order

Geralt Protoss - Winner!

Build Orders: 1 Gate Expand, Blink Stalkers 

Get SALT Encoding   

  12  0:00  Probe  
  13  0:12  Probe  
  14  0:17  Pylon  
  14  0:24  Probe (Chrono Boost)  
  15  0:37  Probe (Chrono Boost)  
  15  0:39  Gateway  
  15  0:42  Probe (Chrono Boost)  
  16  0:46  Assimilator  
  17  0:52  Probe  
  18  1:04  Probe  
  19  1:16  Probe  
  20  1:26  Cybernetics Core  
  20  1:28  Probe  
  21  1:37  Nexus  
  21  1:44  Pylon  
  21  1:47  Probe  
  21  1:52  Assimilator  
  22  1:59  Probe, Adept (Chrono Boost)  
  23  2:05  Warp Gate  
  25  2:13  Probe  
  26  2:19  Adept (Chrono Boost)  
  27  2:25  Probe  
  28  2:30  Twilight Council  
  28  2:37  Probe  
  28  2:42  Adept  
  31  2:49  Probe  
  33  2:51  Probe  
  32  3:01  Probe  
  32  3:03  Probe  
  34  3:06  Blink (Chrono Boost)  
  36  3:13  Probe  
  36  3:19  Probe  
  36  3:25  Probe, Stalker  
  39  3:31  Probe  
  40  3:37  Probe  
  41  3:43  Probe  
  41  3:44  Gateway  
  42  3:50  Probe  
  42  3:53  Gateway  
  42  3:55  Probe  
  42  3:59  Robotics Facility  
  42  4:02  Probe  
  43  4:07  Probe  
  43  4:08  Stalker  
  46  4:14  Pylon  
  46  4:21  Nexus  
  46  4:29  Pylon, Assimilator  
  46  4:32  Probe x2  
  46  4:37  Stalker  
  50  4:41  Stalker  
  50  4:44  Probe x2  
  54  4:53  Charge (Chrono Boost)  
  54  4:56  Probe x2  
  54  4:57  Forge  
  54  4:58  Gateway  
  56  5:02  Gateway  
  56  5:08  Probe  
  56  5:13  Probe  
  58  5:14  Stalker  
  58  5:15  Stalker  
  58  5:19  Pylon  
  62  5:27  Observer (Chrono Boost)  
  62  5:28  Probe  
  61  5:35  Probe  
  61  5:41  Immortal (Chrono Boost)  
  59  5:45  Stalker x3  
  63  5:50  Gateway  
  63  5:51  Gateway  
  63  5:54  Shield Battery  
  63  5:55  Zealot  
  65  6:00  Zealot  
  67  6:08  Zealot  
  67  6:09  Zealot x2  
  67  6:11  Protoss Ground Armor Level 1  
  73  6:19  Probe  
  73  6:21  Pylon  
  73  6:23  Zealot x2  
  78  6:29  Zealot x2  
  78  6:30  Zealot  
  71  6:45  Zealot  
  71  6:46  Warp Prism (Chrono Boost), Zealot x2  
  73  6:48  Probe  
  73  6:53  Probe x2, Templar Archives  
  74  7:01  Probe, Gateway  
  75  7:03  Stalker  
  75  7:05  Probe  
  75  7:06  Probe  
  79  7:10  Pylon  
  79  7:13  Pylon  
  79  7:14  Observer (Chrono Boost)  
  80  7:16  Probe  
  80  7:18  Zealot x2  
  80  7:19  Zealot  
  80  7:22  Probe x2  
  89  7:26  Pylon  
  89  7:28  Probe  
  90  7:33  Psionic Storm, Observer (Chrono Boost)  
  91  7:38  Pylon  
  91  7:40  Probe  
  91  7:44  High Templar x3  
  94  7:49  Zealot x4  
  106  7:51  Probe  
  106  7:54  Observer  
  106  7:55  Probe  
  106  7:58  Assimilator  
  109  8:00  Photon Cannon, Assimilator  
  109  8:01  Pylon  
  109  8:11  Probe  
  109  8:12  Pylon, High Templar  
  112  8:19  Probe  
  113  8:20  Probe  
  113  8:26  Protoss Ground Weapons Level 1 (Chrono Boost)  
  114  8:28  Probe  
  114  8:31  Pylon  
  114  8:32  Nexus  
  115  8:34  Immortal, Pylon  
  115  8:37  Probe x2, Assimilator  
  115  8:40  Zealot x3  
  127  8:43  Zealot  
  127  8:48  Probe  
  130  8:54  Probe  
  131  8:55  Observer  
  131  8:57  Robotics Bay  
  131  9:01  Probe  
  132  9:10  Zealot x5  
  132  9:11  Zealot x3  
  132  9:13  Probe  
  132  9:16  Robotics Facility  
  148  9:19  Probe  
  149  9:29  Probe  
  150  9:32  Probe  
  151  9:42  Zealot x5  
  155  9:50  Zealot x3  
  155  9:51  Disruptor  
  156  10:06  Stalker x5  
  167  10:10  Probe  
Show
View Real Time Build Order
Export as new Build Order

Ziggy Terran 

Build Orders: Gas First Reaper Expand 

Get SALT Encoding   

  12  0:00  SCV  
  13  0:12  SCV  
  14  0:17  Supply Depot  
  14  0:24  SCV  
  15  0:28  Refinery  
  15  0:38  SCV  
  16  0:45  Barracks  
  16  0:50  SCV  
  17  1:03  SCV  
  18  1:15  SCV  
  19  1:32  Reaper, Orbital Command  
  20  1:47  Command Center  
  20  1:57  SCV  
  20  2:00  Factory  
  21  2:06  Barracks Reactor  
  21  2:09  SCV  
  21  2:15  Supply Depot  
  22  2:21  SCV  
  23  2:28  Barracks  
  23  2:35  Refinery  
  23  2:36  SCV  
  24  2:43  Marine x2  
  26  2:47  Factory Tech Lab  
  26  2:48  SCV  
  26  3:00  SCV  
  26  3:01  Marine x2  
  29  3:18  Cyclone, Marine x2  
  34  3:22  Orbital Command  
  34  3:23  SCV  
  34  3:26  Barracks Tech Lab  
  34  3:35  SCV  
  34  3:36  Marine x2  
  36  3:45  Marine  
  36  3:46  Stimpack  
  36  3:47  SCV  
  38  3:49  SCV  
  38  3:54  Marine  
  40  3:58  Siege Tank  
  40  3:59  SCV  
  44  4:04  SCV, Supply Depot  
  44  4:11  SCV  
  44  4:15  Marine  
  46  4:22  Supply Depot  
  46  4:25  SCV x2, Marine x2  
  46  4:28  Supply Depot  
  50  4:32  Siege Tank  
  50  4:38  SCV  
  54  4:43  SCV, Supply Depot  
  54  4:44  Marine x2  
  57  4:46  Marine  
  57  4:50  SCV  
  59  4:56  SCV  
  60  5:02  SCV, Supply Depot  
  60  5:04  Siege Tank  
  60  5:05  Starport  
  64  5:07  Marine x3  
  64  5:08  SCV  
  68  5:14  SCV  
  68  5:17  Refinery  
  68  5:18  Engineering Bay  
  69  5:25  Marine x3  
  69  5:26  Combat Shield  
  71  5:31  SCV  
  69  5:37  Siege Tank  
  69  5:45  SCV, Starport Reactor  
  69  5:48  SCV  
  71  5:50  Command Center  
  71  5:52  Refinery  
  72  5:57  SCV, Barracks  
  72  6:01  Marine x2  
  75  6:06  Marauder  
  78  6:11  SCV  
  78  6:13  Terran Infantry Weapons Level 1  
  78  6:15  SCV  
  78  6:17  Factory Reactor  
  78  6:23  Marine x2  
  80  6:28  Marauder  
  80  6:30  Medivac x2  
  86  6:38  SCV  
  75  6:45  SCV  
  65  6:50  SCV  
  65  6:52  Barracks x2  
  61  6:57  SCV  
  61  6:58  Marauder, Widow Mine  
  61  7:01  Marauder  
  70  7:05  Orbital Command  
  70  7:07  SCV  
  69  7:09  SCV, Marine x2  
  69  7:11  Medivac  
  69  7:14  Medivac  
  76  7:20  Marine  
  76  7:22  SCV, Marauder  
  80  7:24  SCV  
  80  7:27  Armory, Marine  
  80  7:28  Marine  
  83  7:34  SCV  
  83  7:35  Engineering Bay, Orbital Command  
  84  7:38  Marine  
  84  7:41  Barracks Tech Lab x2  
  84  7:43  Marauder  
  84  7:44  Medivac  
  89  7:45  Medivac  
  89  7:47  SCV x2  
  89  7:49  Marine  
  94  7:58  Supply Depot  
  94  7:59  SCV, Supply Depot, Marauder, Marine  
  94  8:01  SCV  
  99  8:07  SCV  
  99  8:09  Marine  
  101  8:20  SCV, Marauder, Marine, Widow Mine x2  
  101  8:21  SCV  
  101  8:22  Marine  
  101  8:23  Marauder  
  101  8:26  Viking  
  115  8:28  SCV  
  115  8:32  SCV  
  117  8:38  Supply Depot, Marine  
  117  8:39  Marauder  
  120  8:42  Missile Turret  
  120  8:44  Marine, Widow Mine x2  
  120  8:45  Missile Turret  
  125  8:57  Supply Depot  
  125  8:58  Supply Depot  
  125  9:00  Supply Depot, Marine  
  126  9:06  Missile Turret  
  126  9:11  Marauder, Marine  
  129  9:19  Marauder, Marine  
  129  9:22  Marauder x2, Liberator x2  
  142  9:26  Ghost Academy  
  142  9:29  Marine  
  142  9:30  Refinery x2  
  143  9:33  Marauder  
  143  9:37  Marine  
  145  9:41  Marauder  
  145  9:43  Marauder, Marine  
  137  9:47  Marine  
  131  9:54  Marine x2  
  127  10:01  Marauder  
  127  10:02  Marauder  
  127  10:04  Marine  
  127  10:05  Marauder, Widow Mine  
  128  10:07  SCV  
Tags
 
Add a new tag
Caveats
  • Supply blocks, unpowered buildings, or Contaminate may cause inaccurate times.
  • Supply counts are checked every 10 seconds.